 Dungeon Crawl Stone Soup version 0.17.1-1-g73c8601 (console) character file.

6458 Kloppie the Martial Artist (level 10, -5/91 HPs)
             Began as a Purple Draconian Monk on Dec 19, 2015.
             Was an Elder of Makhleb.
             Killed from afar by Fannar (17 damage)
             ... with a bolt of cold
             ... on level 1 of the Lair of Beasts.
             The game lasted 00:21:59 (10079 turns).

Kloppie the Martial Artist (Purple Draconian Monk) Turns: 10079, Time: 00:21:59

Health: -5/91      AC: 13    Str: 13    XL:     10   Next: 67%
Magic:  10/10      EV: 19    Int: 10    God:    Makhleb [****..]
Gold:   430        SH:  5    Dex: 18    Spells: 1 memorised, 7 levels left

rFire  . . .     SeeInvis .       - Unarmed
rCold  . . .     Clarity  .     (armour unavailable)
rNeg   . . .     SustAt   .     p - +0 buckler
rPois  .         Gourm    .     t - +2 hat
rElec  .         Spirit   .     u - +0 cloak
rCorr  .         Warding  .     h - +0 pair of gloves
rMut   .         Stasis   .     c - +1 pair of boots
MR     +....                    (no amulet)
Stlth  ++........               (no ring)
                                (no ring)

@: slowed, very slow, somewhat resistant to hostile enchantments, unstealthy
A: breathe power, unfitting armour, cold-blooded, AC +7
a: Breathe Dispelling Energy, Minor Destruction, Lesser Servant of Makhleb,
Major Destruction, Renounce Religion


You were on level 1 of the Lair of Beasts.
You worshipped Makhleb.
Makhleb was greatly pleased with you.
You were very hungry.

You visited 2 branches of the dungeon, and saw 9 of its levels.

You collected 478 gold pieces.
You spent 48 gold pieces at shops.

Inventory:

Armour
 c - a +1 pair of boots (worn)
 h - a +0 pair of gloves (worn)
 p - a +0 buckler (worn)
 t - a +2 hat (worn)
 u - a +0 cloak (worn)
Jewellery
 y - the ring of Idealism {Str-3 Int+2 Dex+2 SInv, unknown}
   (You found it on level 7 of the Dungeon)

   [ring of see invisible]

   It affects your strength (-3).
   It affects your intelligence (+2).
   It affects your dexterity (+2).
   It lets you see invisible.
Wands
 q - a wand of confusion (27)
 v - a wand of confusion (33)
Scrolls
 g - 3 scrolls of enchant weapon
 i - 3 scrolls of teleportation
 m - a scroll of fog
 o - 3 scrolls of remove curse
 s - a scroll of fear
 w - 3 scrolls of immolation
 z - 2 scrolls of enchant armour
Potions
 b - 2 potions of curing
 e - 2 potions of flight
 l - 3 potions of might {unknown}
 n - a potion of cancellation
 x - a potion of cure mutation {unknown}
Books
 j - a book of Beasts

   Spells                             Type                      Level
   a - Summon Butterflies             Summoning                    1
   b - Call Canine Familiar           Summoning                    3
   c - Summon Ice Beast               Ice/Summoning                4
   d - Summon Mana Viper              Hexes/Summoning              5
   e - Summon Hydra                   Summoning                    7
 r - a book of Battle

   Spells                             Type                      Level
   a - Infusion                       Charms                       1
   b - Shroud of Golubria             Charms/Translocation         2
   c - Song of Slaying                Charms                       2
   d - Spectral Weapon                Hexes/Charms                 3
   e - Regeneration                   Charms/Necromancy            3
Comestibles
 a - 7 bread rations
 d - 4 chunks of flesh
 f - 5 meat rations
 A - 4 fruits


   Skills:
 + Level 9.4 Fighting
 - Level 9.0 Dodging
 - Level 1.7 Stealth
 - Level 4.0 Shields
 + Level 10.7 Unarmed Combat


You had 7 spell levels left.
You knew the following spells:

 Your Spells              Type           Power        Failure   Level  Hunger
a - Shroud of Golubria    Chrm/Tloc      #.........   61%         2    ###....


Dungeon Overview and Level Annotations

Branches:
Dungeon (8/15)             Temple (0/1) D:7            Lair (1/8) D:8

Altars:
Ashenzari
Cheibriados
Makhleb
Nemelex Xobeh
Okawaru
Qazlal
Sif Muna
Xom
Yredelemnul
Zin

Shops:
D:7 ?   D:8 *

Annotations:
D:6 Prince Ribbit
Lair:1 Fannar


Innate Abilities, Weirdness & Mutations

You can breathe bolts of dispelling energy.
Your rich purple scales are hard (AC +7).
Your body does not fit into most forms of armour.
You are cold-blooded and may be slowed by cold attacks.


Message History

You hit Fannar. You tail-slap Fannar, but do no damage.
Fannar is lightly wounded.
The ice beast closely misses you. Fannar casts a spell at you.
The bolt of cold hits you!
* * * LOW HITPOINT WARNING * * *
The ice beast misses you.
You closely miss Fannar.
Your tail-slap misses Fannar.
Fannar is lightly wounded.
You feel yourself speed up.
Fannar hits you with a quarterstaff of freezing!
* * * LOW HITPOINT WARNING * * *
Fannar freezes you.
* * * LOW HITPOINT WARNING * * *
You feel yourself slow down. The ice beast barely misses you.
Fannar blocks your attack.
You tail-slap Fannar.
Fannar is lightly wounded.
Fannar casts a spell at you. The bolt of cold hits you!
You die...

.................
........................
........................
........................
........................
........................
####....................
#............e......
#..........@.......
#..........Y.......
##.................
#.................
#.................
#.................
#........................
#.........................
#............P............


You could see Fannar and an ice beast.

Vanquished Creatures
  A hydra (Lair:1)
  Erica (Lair:1)
  Pikel (D:5)
  A black mamba (Lair:1)
  The ghost of Zex the Chopper, a novice MiFi (D:6)
  A spiny frog (Lair:1)
  A troll (D:8)
  A two-headed ogre (D:8)
  A yak (D:8)
  A hippogriff (D:7)
  Menkaure (D:4)
  A porcupine (Lair:1)
  2 sky beasts
  2 ice beasts (D:8)
  3 orc warriors
  A phantom (D:8)
  A slave (D:5)
  2 crocodiles (D:8)
  A black bear (D:8)
  2 ogres
  3 centaurs
  Blork the orc (D:5)
  5 giant frogs
  A wyvern zombie (D:7)
  2 scorpions (D:4)
  2 crimson imps
  A jelly (D:5)
  3 orc wizards
  Crazy Yiuf (D:3)
  3 giant frog skeletons
  5 worker ants
  5 orc priests
  2 iguanas
  A hound zombie (D:7)
  A hound skeleton (D:5)
  17 adders
  2 shadow imps
  2 worms (D:3)
  4 giant geckos
  27 orcs
  4 ball pythons
  11 bats
  2 giant cockroaches
  5 goblins
  10 hobgoblins
  4 jackals
  3 giant newts
  11 kobolds
  13 rats
  A fungus (D:8)
178 creatures vanquished.

Vanquished Creatures (others)
  A jelly (D:7)
  A quokka skeleton (D:7)
  A bush (D:1)
  2 fungi (D:8)
  2 plants
7 creatures vanquished.

Grand Total: 185 creatures vanquished

Notes
Turn   | Place    | Note
--------------------------------------------------------------
     0 | D:1      | Kloppie the Draconian Monk began the quest for the Orb.
     0 | D:1      | Reached XP level 1. HP: 19/19 MP: 1/1
   271 | D:1      | Reached XP level 2. HP: 15/26 MP: 2/2
   857 | D:1      | Reached XP level 3. HP: 31/33 MP: 3/3
  1385 | D:2      | Found a basalt altar of Yredelemnul.
  1513 | D:2      | Found an iron altar of Okawaru.
  1923 | D:2      | Reached XP level 4. HP: 39/41 MP: 4/4
  2230 | D:3      | Reached skill level 5 in Unarmed Combat
  2323 | D:3      | Found an iron altar of Okawaru.
  2326 | D:3      | Found a shattered altar of Ashenzari.
  2326 | D:3      | Found a burning altar of Makhleb.
  2329 | D:3      | Found a sparkling altar of Nemelex Xobeh.
  2453 | D:3      | Became a worshipper of Makhleb the Destroyer
  2453 | D:3      | Reached * piety under Makhleb
  2453 | D:3      | Reached ** piety under Makhleb
  2548 | D:3      | Reached skill level 5 in Fighting
  2548 | D:3      | Reached XP level 5. HP: 44/48 MP: 5/5
  3107 | D:3      | Noticed Crazy Yiuf
  3121 | D:3      | Killed Crazy Yiuf
  3692 | D:4      | Found a deep blue altar of Sif Muna.
  3718 | D:4      | Reached skill level 6 in Unarmed Combat
  3718 | D:4      | Reached XP level 6. HP: 35/57 MP: 6/6
  4135 | D:4      | Noticed an angel
  4136 | D:4      | Found a shimmering altar of Xom.
  4136 | D:4      | Found a glowing silver altar of Zin.
  4284 | D:4      | Noticed Menkaure
  4400 | D:5      | Entered Level 5 of the Dungeon
  4581 | D:5      | Reached *** piety under Makhleb
  4705 | D:5      | Noticed Blork the orc
  4717 | D:5      | Killed Blork the orc
  4749 | D:5      | Your scales start taking on a rich purple colour.
  4749 | D:5      | Reached XP level 7. HP: 50/64 MP: 7/7
  5152 | D:5      | Found a snail-covered altar of Cheibriados.
  5203 | D:5      | Noticed Pikel
  5262 | D:6      | Found a stormy altar of Qazlal.
  5284 | D:6      | Found a burning altar of Makhleb.
  5285 | D:6      | Noticed Prince Ribbit
  5288 | D:6      | Noticed Zex's ghost (novice MiFi)
  5455 | D:7      | Reached skill level 7 in Fighting
  5455 | D:7      | Reached skill level 1 in Shields
  5504 | D:7      | Learned a level 2 spell: Shroud of Golubria
  5515 | D:7      | Found Wiodugun's Magic Scroll Boutique.
  5534 | D:7      | Bought a scroll of identify for 24 gold pieces
  5534 | D:7      | Bought a scroll of identify for 24 gold pieces
  5714 | D:7      | Noticed a hill giant
  6078 | D:8      | Reached XP level 8. HP: 24/74 MP: 8/8
  6315 | D:8      | Found Zorphirua's Assorted Antiques.
  6342 | D:8      | Reached skill level 8 in Fighting
  6520 | D:8      | Noticed a yak
  6807 | D:7      | Reached **** piety under Makhleb
  6824 | D:7      | Reached skill level 9 in Fighting
  6910 | D:7      | Got a pitted brass ring
  7099 | D:7      | Reached skill level 5 in Dodging
  7099 | D:7      | Reached XP level 9. HP: 75/84 MP: 9/9
  7139 | D:7      | Found a staircase to the Ecumenical Temple.
  7453 | D:6      | Killed Zex's ghost
  8034 | D:5      | Killed Pikel
  8393 | D:4      | Killed Menkaure
  8745 | D:8      | Found a glowing silver altar of Zin.
  8785 | D:8      | Noticed a troll
  8889 | D:8      | Killed a troll
  9230 | D:8      | Reached XP level 10. HP: 87/91 MP: 10/10
  9258 | D:8      | Found a staircase to the Lair.
  9271 | D:8      | Killed a yak
  9757 | Lair:1   | Entered Level 1 of the Lair of Beasts
  9771 | Lair:1   | Noticed a six-headed hydra
  9792 | Lair:1   | Killed a six-headed hydra
  9792 | Lair:1   | Reached skill level 10 in Unarmed Combat
  9830 | Lair:1   | Noticed Erica
  9872 | Lair:1   | Killed Erica
  9913 | Lair:1   | Noticed a black mamba
  9932 | Lair:1   | Killed a black mamba
 10065 | Lair:1   | Noticed Fannar
 10079 | Lair:1   | Killed from afar by Fannar

Action                   |  1- 3 |  4- 6 |  7- 9 | 10-12 || total
-------------------------+-------+-------+-------+-------++-------
Melee: Unarmed           |   173 |   248 |   512 |   132 ||  1065
  Use: Potion            |     1 |       |     3 |     4 ||     8
       Scroll            |       |    11 |     6 |     1 ||    18
 Stab: Sleeping          |     4 |     5 |     5 |     1 ||    15
       Distracted        |     1 |       |       |     1 ||     2
  Eat: Chunk             |     3 |     8 |    11 |     2 ||    24
       Pizza             |       |     1 |       |       ||     1
       Fruit             |       |       |     2 |       ||     2
       Royal jelly       |       |       |     1 |       ||     1
